 Dungeon Crawl Stone Soup version 0.28-a0-631-g0446da8ef9 (webtiles) character file.

Game seed: 1909071701938171324

511 OfficerJojo the Ducker (level 7, 0/45 HPs)
             Began as a Djinni Fire Elementalist on Oct 10, 2021.
             Was a Follower of Dithmenos.
             Slain by a sky beast (6 damage)
             ... on level 5 of the Dungeon.
             The game lasted 00:20:32 (5603 turns).

OfficerJojo the Ducker (Djinni Fire Elementalist)   Turns: 5603, Time: 00:20:32

Health: 0/45       AC:  2    Str:  7    XL:     7   Next: 43%
Gold:   222        EV: 13    Int: 19    God:    Dithmenos [*.....] SH:  5 Dex: 10

rFire   + + .      SeeInvis +   (no weapon)
rCold   x . .      Faith    .   (no shield)
rNeg    . . .      Spirit   .   a - +0 robe
rPois   ∞          Reflect  +   (no helmet)
rElec   .          Harm     .   (no cloak)
rCorr   .          Rampage  .   (no gloves)
Will    .....                   (boots unavailable)
Stlth   +++.......              y - amulet of Symmetry {Reflect +Inv Dex-3 SH+5 SInv Stlth+}
HPRegen 0.15/turn               (no ring)
MPRegen 0.00/turn               (no ring)

@: flying, wreathed by umbra
A: sickness immunity, fire resistance 2, cold vulnerability 1, float, innate
caster, hp casting, extra vitality 1
a: Renounce Religion, Evoke Invisibility


You were on level 5 of the Dungeon.
You worshipped Dithmenos.
Dithmenos was aware of your devotion.
You visited 1 branch of the dungeon, and saw 5 of its levels.

You collected 222 gold pieces.

Inventory:

Missiles
 v - a throwing net
Armour
 a - a +0 robe (worn)
 w - the +1 pair of boots "Tonimneirr" {rF+ Str+2}
   (You found it on level 4 of the Dungeon)

   Str:       It affects your strength (+2).
   rF:        It protects you from fire.
Jewellery
 y - the amulet of Symmetry (around neck) {Reflect +Inv Dex-3 SH+5 SInv Stlth+}
   (You found it on level 5 of the Dungeon)

   [amulet of reflection]

   It reflects blocked missile attacks.
   Dex:       It affects your dexterity (-3).
   SInv:      It lets you see invisible.
   +Inv:      It lets you turn invisible.
   SH:        It affects your SH (+5).
   Stlth:     It makes you more stealthy.
Wands
 j - a wand of polymorph (4)
 p - a wand of iceblast (8)
Scrolls
 d - a scroll of torment {unknown}
 g - a scroll of immolation {unknown}
 h - a scroll of enchant weapon {unknown}
 k - 2 scrolls of fog {unknown}
 l - 4 scrolls of identify {unknown}
 n - a scroll of vulnerability {unknown}
 o - a scroll of enchant armour {unknown}
 q - a scroll of teleportation
 r - a scroll of magic mapping {unknown}
 t - a scroll of amnesia {unknown}
Potions
 b - 2 potions of berserk rage {unknown}
 c - a potion of brilliance {unknown}
 e - 2 potions of curing
 f - a potion of ambrosia {unknown}
 i - a potion of heal wounds {unknown}
 m - 2 potions of lignification {unknown}
 s - a potion of flight {unknown}
 u - 2 potions of mutation {unknown}
 x - a potion of might {unknown}
 z - a potion of cancellation {unknown}


   Skills:
 + Level 5.2 Dodging
 + Level 2.9 Stealth
 + Level 4.1 Spellcasting
 + Level 2.4 Evocations


You couldn't memorise any spells.
You knew the following spells:

 Your Spells              Type           Power      Damage    Failure   Level
a - Foxfire               Conj/Fire      76%        2x1d7     2%          1
b - Scorch                Fire           38%        2d6       3%          2
c - Conjure Flame         Conj/Fire      19%        6-21      8%          3
d - Inner Flame           Hex/Fire       19%        N/A       8%          3
e - Flame Wave            Conj/Fire      19%        3d5       26%         4
f - Animate Skeleton      Necr           38%        N/A       2%          1
g - Poisonous Vapours     Pois/Air       38%        N/A       3%          2
h - Vampiric Draining     Necr           9%         2d7       8%          3
Your spell library was empty.

Dungeon Overview and Level Annotations

Branches:
Dungeon (5/15)
 Temple: D:4-7

Altars:
Dithmenos
Elyvilon
Gozag
Zin
The Shining One

Shops:
D:1 *


Innate Abilities, Weirdness & Mutations

You are immune to sickness and miasma.
You are immune to poison.
Your flesh is very heat resistant. (rF++)
You are vulnerable to cold. (rC-)
You float through the air rather than walking.
You learn spells naturally, not from books.
Your magical power is your life essence.
You have superior vitality. (+4 HP)


Message History

The fire begins to smoulder!
The sky beast hits you but does no damage.
Your foxfire dissipates!
The sky beast smothers the flame.
Casting: Conjure Flame (dangerous; 8% risk of failure)
Confirm with . or Enter, or press ? or * to list all spells.
The fire begins to smoulder!
The sky beast hits you. The sky beast shocks you.
The sky beast smothers the flame.
Casting: Conjure Flame (dangerous; 8% risk of failure)
Confirm with . or Enter, or press ? or * to list all spells.
The fire begins to smoulder!
The sky beast barely misses you.
Unknown command.
The sky beast smothers the flame.
Casting: Conjure Flame (dangerous; 8% risk of failure)
Confirm with . or Enter, or press ? or * to list all spells.
Flames lash the sky beast.
The sky beast is lightly wounded.
The sky beast's fire resistance burns away.
The sky beast flickers out of sight for a moment.
The sky beast barely misses you.
Casting: Scorch (safe; 3% risk of failure)
Confirm with . or Enter, or press ? or * to list all spells.
Flames lash the sky beast but do no damage.
The sky beast hits you. The sky beast shocks you.
* * * LOW HITPOINT WARNING * * *
Unknown command.
Casting: Scorch (safe; 3% risk of failure)
Confirm with . or Enter, or press ? or * to list all spells.
Okay, then.
Casting: Scorch (safe; 3% risk of failure)
Confirm with . or Enter, or press ? or * to list all spells.
Aiming: Vampiric Draining (dangerous; 8% risk of failure)
Press: ? - help, Shift-Dir - straight line, f - sky beast
Aim: a sky beast (lightly wounded, slightly transparent, more vulnerable to fire, umbra)
You draw life force from the sky beast.
You feel life coursing into your body.
* * * LOW HITPOINT WARNING * * *
The sky beast hits you.
* * * LOW HITPOINT WARNING * * *
The sky beast shocks you.
You die...

#.# #.#.###.# +.##.#
#.####.#####.## #....#
#.##.....##.(.# #.#..#
###.8...8.##..# ###...##
######.......##..######.#...##
#........_.......##..........#
#.####.......#...##.###.###.##
#.#<.#.8...8.##..##.# #.......
#.#..##.....###)@##.#######.#.#
......###.###.#.Y##.......#(#.#
###.#+##......#.....#####.#.# #
#.# #..#...##.##.####
###.##..#.###....(....
#...............(###
#####.####....##.... #...
..........#. ##...##......#.#


You could see a sky beast (invisible, combustible).

Vanquished Creatures
  An ogre (D:5)
  A scorpion (D:5)
  A water moccasin zombie (D:5)
  A water moccasin skeleton (D:5)
  A bullfrog skeleton (D:4)
  A hound (D:4)
  Terence (D:3)
  4 gnolls (D:4)
  5 adders
  4 ufetubi
  2 adder skeletons
  A worm (D:2)
  3 dart slugs
  8 ball pythons
  7 bats
  8 endoplasms
  2 giant cockroaches
  4 goblins
  5 hobgoblins
  3 quokkas
  2 frilled lizards
  2 kobolds (D:1)
  11 rats
78 creatures vanquished.

Vanquished Creatures (others)
  197 foxfires
197 creatures vanquished.

Grand Total: 275 creatures vanquished

Notes
Turn   | Place    | Note
-------+----------+-------------------------------------------
     0 | D:1      | OfficerJojo the Djinni Fire Elementalist began the quest
                  | for the Orb.
     0 | D:1      | Reached XP level 1. HP: 15/15 MP: 0/0
   231 | D:1      | Reached XP level 2. HP: 16/21 MP: 0/0
   431 | D:1      | Found Ysono's Assorted Antiques.
   695 | D:1      | Reached skill level 3 in Dodging
   695 | D:1      | Reached XP level 3. HP: 24/25 MP: 0/0
   695 | D:1      | Learned a level 1 spell: Animate Skeleton
  1590 | D:2      | Reached XP level 4. HP: 27/31 MP: 0/0
  2435 | D:3      | Noticed Terence
  2454 | D:3      | Killed Terence
  2455 | D:3      | Reached skill level 4 in Dodging
  2455 | D:3      | Reached XP level 5. HP: 27/35 MP: 0/0
  2455 | D:3      | Learned a level 2 spell: Poisonous Vapours
  2628 | D:3      | Found a glowing silver altar of Zin.
  2633 | D:3      | Found a white marble altar of Elyvilon.
  2634 | D:3      | Found a glowing golden altar of the Shining One.
  3036 | D:3      | Found a faded altar of an unknown god.
  3100 | D:3      | Became a worshipper of Dithmenos the Shadowed
  3100 | D:3      | Reached * piety under Dithmenos
  3955 | D:4      | Reached skill level 1 in Evocations
  3955 | D:4      | Reached XP level 6. HP: 35/40 MP: 0/0
  4249 | D:4      | Identified the +1 pair of boots "Tonimneirr" {rF+ Str+2}
  4918 | D:5      | Entered Level 5 of the Dungeon
  5039 | D:5      | Found an opulent altar of Gozag.
  5103 | D:5      | Identified the amulet of Symmetry {Reflect +Inv Dex-3 SH+5
                  | SInv Stlth+}
  5156 | D:5      | HP: 2/40 [scorpion (6)]
  5165 | D:5      | Reached skill level 5 in Dodging
  5165 | D:5      | Reached XP level 7. HP: 6/45 MP: 0/0
  5165 | D:5      | Learned a level 3 spell: Vampiric Draining
  5603 | D:5      | Slain by a sky beast

Illustrated notes

Levels and vault maps discovered:
D:1:      dpeg_arrival_prison, layout_basic, serial_shops,
          nicolae_shop_window_shopping, interstate_on_off, minivault_23
D:2:      layout_rooms
D:3:      layout_basic, good_gods_temple_1, ebering_ecumenical_altar_webs,
          uniq_terence
D:4:      layout_basic
D:5:      layout_basic, nzn_wu_jian_contemplation,
          gammafunk_temple_overflow_statue, grunt_gozag_statues,
          amcnicky_altar_gilded

Skill      XL: |  1  2  3  4  5  6 |
---------------+-------------------+-----
Dodging        | 3 4 5 |  5.2
Spellcasting   | 3 4 |  4.1
Stealth        | 2 |  2.9
Evocations     | 1 2 |  2.4

Action                   |  1- 3 |  4- 6 |  7- 9 || total
-------------------------+-------+-------+-------++-------
Melee: Unarmed           |     6 |     4 |       ||    10
 Cast: Foxfire           |    64 |    82 |     5 ||   151
       Animate Skeleton  |     2 |     1 |       ||     3
       Scorch            |       |    19 |     4 ||    23
       Poisonous Vapours |       |     4 |     1 ||     5
       Conjure Flame     |       |     8 |     3 ||    11
       Inner Flame       |       |     1 |     2 ||     3
       Flame Wave        |       |     1 |       ||     1
       Vampiric Draining |       |       |     1 ||     1
  Use: Scroll            |     1 |       |       ||     1
       Potion            |       |     2 |       ||     2
Armor: Robe              |     6 |    12 |     1 ||    19
Dodge: Dodged            |    28 |    50 |     3 ||    81
Block: Other             |       |     2 |       ||     2

Table legend: (Time is in decaauts)
 A = Elapsed time spent in this place.
 B = Non-inter-level travel time spent in this place.
 C = Inter-level travel time spent in this place.
 D = Time resting spent in this place.
 E = Time spent auto-exploring this place.
 F = Levels seen in this place.
 G = Mean time per level.
                   A        B        C        D        E       F      G
               +--------+--------+--------+--------+--------+-----+--------+
         Total |   5602 |   5547 |     55 |   1755 |   2670 |   5 | 1120.4 |
       Dungeon |   5602 |   5547 |     55 |   1755 |   2670 |   5 | 1120.4 |
               +--------+--------+--------+--------+--------+-----+--------+

Top non-repeatable levels by time:
     D:4: 1558 daAuts
     D:1: 1466 daAuts
     D:3: 1147 daAuts
     D:2: 746 daAuts
     D:5: 684 daAuts
